 Dungeon Crawl Stone Soup version 0.25.0-26-g0c896c7088 (webtiles) character file.

Game seed: 14615104155398761029

358 Curus the Twirler (level 6, -1/38 HPs)
             Began as a Gargoyle Gladiator on July 2, 2020.
             Was an Initiate of Okawaru.
             Killed from afar by Dowan (6 damage)
             ... with a puff of flame
             ... on level 4 of the Dungeon.
             The game lasted 00:14:04 (3511 turns).

Curus the Twirler (Gargoyle Gladiator)              Turns: 3511, Time: 00:14:05

Health: -1/38      AC: 18    Str: 20    XL:     6   Next: 64%
Magic:  6/6        EV:  8    Int: 10    God:    Okawaru [......]
Gold:   197        SH:  0    Dex: 13    Spells: 5/5 levels left

rFire    . . .     SeeInvis .   a - +1 quarterstaff
rCold    . . .     Gourm    .   (shield currently unavailable)
rNeg     + . .     Faith    +   l - +0 chain mail
rPois    ∞         Spirit   .   c - +1 helmet
rElec    +         Reflect  .   (no cloak)
rCorr    .         Harm     .   g - +2 pair of gloves
MR       +....                  o - +0 pair of boots
Stlth    ..........             q - amulet of faith
HPRegen  0.12/turn              (no ring)
MPRegen  0.10/turn              (no ring)

@: about to teleport
A: clever 1, magic resistance 1, negative energy resistance 1, robust 1,
electricity resistance, strong 1, unbreathing, petrification resistance, rot
immunity, AC +4
a: Renounce Religion


You were on level 4 of the Dungeon.
You worshipped Okawaru.
Okawaru was noncommittal.
You were hungry.

You visited 1 branch of the dungeon, and saw 4 of its levels.

You collected 197 gold pieces.

Inventory:

Hand Weapons
 a - a +1 quarterstaff (weapon)
Missiles
 d - 3 throwing nets (quivered)
Armour
 b - a +0 leather armour
 c - a +1 helmet (worn)
 g - a +2 pair of gloves (worn)
 i - a +0 ring mail
 l - a +0 chain mail (worn)
 o - a +0 pair of boots (worn)
Jewellery
 e - an uncursed amulet of magic regeneration
 j - an uncursed ring of fire
 q - an amulet of faith (around neck)
Scrolls
 k - a scroll of remove curse
 m - a scroll of identify
Potions
 h - 2 potions of haste
Comestibles
 f - 6 rations


   Skills:
 - Level 2.1 Fighting
 + Level 7.2 Staves
 - Level 1.7 Throwing
 - Level 2.4 Dodging


You had 5 spell levels left.
You didn't know any spells.
Your spell library was empty.

Dungeon Overview and Level Annotations

Branches:
Dungeon (4/15)
 Temple: D:4-7

Altars:
Elyvilon
Okawaru
Qazlal
The Shining One

Annotations:
D:4 Dowan, Duvessa


Innate Abilities, Weirdness & Mutations

You are resistant to torment.
Your stone body is resilient. (AC +4)
You are immune to poison.
You resist negative energy. (rN+)
You are resistant to electric shocks. (rElec)
You can survive without breathing.
You are immune to petrification.
You are immune to rotting.
Your mind is acute. (Int +2)
You are resistant to hostile enchantments. (MR+)
You are robust. (+10% HP)
Your muscles are strong. (Str +2)


Message History

Dowan hits you but does no damage. Duvessa hits you but does no damage.
You hit Dowan.
Dowan is moderately wounded.
Dowan casts a spell at you. The puff of frost hits you!
* * * LOW HITPOINT WARNING * * *
You closely miss Dowan.
Dowan is moderately wounded.
Duvessa barely misses you. Dowan hits you with a cursed +0 dagger.
* * * LOW HITPOINT WARNING * * *
You are feeling hungry.
As you read the scroll of teleportation, it crumbles to dust.
You feel strangely unstable. Duvessa closely misses you.
Dowan mumbles some strange words.
Dowan blinks!
You barely miss Duvessa.
Duvessa is almost dead.
Duvessa hits you but does no damage.
Dowan zaps a wand.
The puff of flame hits you.
You die...

## ... ###
########
#..e@e.##########
#.####..........#
#.# ##########.#
#.# #.# #.# #.#
#$# #.# #.#
#.##### #.#
#....). #.#
#..####


You could see Duvessa and Dowan.

Vanquished Creatures
  2 orc priests (D:4)
  2 orc wizards
  An iguana (D:4)
  2 worker ants (D:4)
  5 adders
  A shadow imp (D:2)
  3 oozes
  3 worms
  4 dart slugs
  4 leopard geckos
  5 orcs
  6 giant cockroaches
  17 goblins
  5 hobgoblins
  2 quokkas
  5 bats
  5 frilled lizards
  6 kobolds
  A quokka skeleton (D:4)
  9 rats
88 creatures vanquished.

Vanquished Creatures (others)
  Robin (D:3)
  An orc (D:3)
  A ball python (D:3)
  2 quokkas (D:3)
5 creatures vanquished.

Grand Total: 93 creatures vanquished

Notes
Turn   | Place    | Note
-------+----------+-------------------------------------------
     0 | D:1      | Curus the Gargoyle Gladiator began the quest for the Orb.
     0 | D:1      | Reached XP level 1. HP: 12/12 MP: 1/1
   195 | D:1      | Reached XP level 2. HP: 17/17 MP: 2/2
   549 | D:1      | Reached skill level 4 in Staves
   687 | D:1      | Reached XP level 3. HP: 21/21 MP: 3/3
  1045 | D:2      | Found a stormy altar of Qazlal.
  1339 | D:2      | Reached XP level 4. HP: 26/26 MP: 4/4
  1390 | D:2      | Reached skill level 5 in Staves
  1634 | D:3      | Gained mutation: Your muscles are strong. (Str +2) [potion
                  | of mutation]
  1634 | D:3      | Gained mutation: You are robust. (+10% HP) [potion of
                  | mutation]
  1634 | D:3      | Gained mutation: Your mind is acute. (Int +2) [potion of
                  | mutation]
  1634 | D:3      | Gained mutation: You are resistant to hostile enchantments.
                  | (MR+) [potion of mutation]
  1678 | D:3      | Noticed Robin
  1706 | D:3      | HP: 1/28 [Robin/goblin (2)]
  1719 | D:3      | Reached XP level 5. HP: 3/33 MP: 5/5
  1904 | D:3      | Killed Robin
  2362 | D:3      | Found a glowing golden altar of the Shining One.
  2367 | D:3      | Found a white marble altar of Elyvilon.
  2367 | D:3      | Found an iron altar of Okawaru.
  2382 | D:3      | Reached skill level 6 in Staves
  2400 | D:3      | Became a worshipper of Warmaster Okawaru
  2952 | D:4      | Reached XP level 6. HP: 29/38 MP: 6/6
  3144 | D:4      | Reached skill level 7 in Staves
  3486 | D:4      | Noticed Duvessa
  3486 | D:4      | Noticed Dowan
  3511 | D:4      | Killed from afar by Dowan

Illustrated notes

Levels and vault maps discovered:
D:1:      lightli_arrival_statuegarden, layout_loops_corners
D:2:      layout_rooms, grunt_qazlal_clouds, first_ration, minmay_hexomino_f4
D:3:      layout_loops_ring, grunt_temple_overflow_open, grunt_ministairs_10,
          lemuel_old_faithful, uniq_robin
D:4:      layout_loops_ring, serial_shops, kennysheep_mini_moat, dk_vineyard_3,
          minmay_between, uniq_duvessa

Skill      XL: |  1  2  3  4  5  6 |
---------------+-------------------+-----
Staves         | 4 5 6 7 |  7.2
Fighting       | |  2.1
Throwing       | |  1.7
Dodging        | |  2.4

Action                   |  1- 3 |  4- 6 || total
-------------------------+-------+-------++-------
Melee: Quarterstaff      |   100 |   194 ||   294
  Use: Potion            |     3 |     3 ||     6
       Scroll            |     4 |     6 ||    10
  Eat: Chunk             |     1 |     7 ||     8
Armor: Leather armour    |    16 |       ||    16
       Ring mail         |    21 |    51 ||    72
       Chain mail        |       |    83 ||    83
Dodge: Dodged            |    41 |   115 ||   156
